AoeStats
← ambro_pete

QS Arena

503226624Analyzed
3v3 RM · 1mo ago on Aug 30, 2026· 37m 16s· 6 players
Game mode
Random Map
Map size
Normal (6 player)
Population
200
Speed
Normal
Resources
Standard
Victory
Conquest
Starting age
Dark Age
Ending age
Imperial Age
RankedLock teamsTeams togetherTeam positionsShared explorationLock speedFull tech treeHidden civsTurbo modeCheats
Victory
Defeat
🇩🇪 Sicilians · Germany
1486
+13
🇩🇪 Poles · Germany
1433
+15
🇩🇪 Wu · Germany
1362
+18
🇪🇸 Malians · Spain
1451
-17
🇨🇦 Italians · Canada
1408
-15
🇦🇷 Bohemians · Argentina
1380
-14
Grand.Saladier
6:23 Feudal Age
7:09 Loom
13:13 Castle Age
29:15 Fletching
34:09 Imperial Age
33:38 Double-Bit Axe
Penéfago
10:35 Feudal Age
11:18 Double-Bit Axe
14:52 Castle Age
12:45 Horse Collar
13:49 Gold Mining
14:35 Bloodlines
15:04 Scale Barding Armor
17:53 Forging
26:01 Wheelbarrow
25:33 Heavy Plow
26:14 Gold Shaft Mining
27:30 Chain Barding Armor
28:11 Loom
31:10 Imperial Age
29:14 Husbandry
29:42 Bow Saw
30:37 Iron Casting
30:52 Town Watch
32:40 Plate Barding Armor
32:28 Conscription
31:30 Cavalier
32:56 Hand Cart
32:41 Heavy Camel Rider
33:24 Cavalier
34:10 Farimba
34:47 Cavalier
35:59 Light Cavalry
38:08 Crop Rotation
AWAKALTA
7:49 Feudal Age
11:55 Castle Age
10:52 Double-Bit Axe
17:32 Fervor
19:07 Wheelbarrow
19:22 Town Watch
21:43 Loom
24:30 Imperial Age
23:30 Chemistry
23:22 Pikeman
26:53 Houfnice
30:04 Houfnice
31:32 Wagenburg Tactics
31:59 Siege Engineers
32:35 Halberdier
DarkAgeMeta
4:21 Loom
20:10 Feudal Age
21:39 Double-Bit Axe
25:26 Castle Age
23:39 Horse Collar
31:48 Wheelbarrow
31:23 Stone Mining
31:25 Gold Mining
33:08 First Crusade
33:01 Scale Mail Armor
33:11 Forging
33:52 First Crusade
35:03 Chain Mail Armor
35:24 Iron Casting
39:56 Imperial Age
37:57 Hand Cart
ambro_pete
4:55 Loom
7:29 Feudal Age
14:04 Castle Age
12:30 Double-Bit Axe
13:16 Horse Collar
15:20 Bow Saw
15:14 Heavy Plow
16:48 Fletching
19:52 Padded Archer Armor
20:54 Ballistics
21:03 Gold Mining
21:56 Bodkin Arrow
23:01 Leather Archer Armor
22:41 Town Watch
24:05 Wheelbarrow
26:14 Hand Cart
32:07 Imperial Age
30:13 Stone Mining
31:00 Gold Shaft Mining
32:13 Red Cliffs Tactics
33:28 Conscription
33:31 Bracer
36:24 Two-Man Saw
35:41 Bloodlines
34:54 Heavy Hei Guang Cavalry
37:28 Husbandry
37:37 Scale Barding Armor
37:43 Forging
WillSpencer
9:15 Feudal Age
9:53 Horse Collar
13:10 Castle Age
11:31 Double-Bit Axe
13:01 Scale Barding Armor
13:58 Heavy Plow
15:05 Husbandry
17:39 Szlachta Privileges
17:57 Bloodlines
18:20 Forging
19:28 Chain Barding Armor
19:32 Loom
20:14 Bow Saw
26:58 Iron Casting
27:33 Gold Mining
30:28 Scale Mail Armor
34:26 Wheelbarrow
34:23 Chain Mail Armor
35:24 Hand Cart
Connection lost

Rejoining the realm…

Still unreachable

The connection could not be restored.

Session expired

The server has moved on; the page needs a fresh start.